 Dungeon Crawl Stone Soup version 0.24-a0-441-g27f0392e16 (webtiles) character file.

Game seed: 8023308090724359982

9 Iscandelvey the Vexing (level 2, 20/21 HPs)
             Began as a Demonspawn Arcane Marksman on June 19, 2019.
             Quit the game on level 1 of the Dungeon.
             The game lasted 00:00:08 (65 turns).

Iscandelvey the Vexing (Demonspawn Arcane Marksman)   Turns: 65, Time: 00:00:09

Health: 20/21      AC:  2    Str: 10    XL:     2   Next: 3%
Magic:  3/3        EV: 12    Int: 14    God:
Gold:   25         SH:  0    Dex: 13    Spells: 2/3 levels left

rFire    . . .     SeeInvis .   a - +0 hunting sling
rCold    . . .     Gourm    .   (no shield)
rNeg     . . .     Faith    .   e - +0 robe
rPois    .         Spirit   .   (no helmet)
rElec    .         Reflect  .   (no cloak)
rCorr    .         Harm     .   (no gloves)
MR       .....                  (no boots)
Stlth    +.........             (no amulet)
HPRegen  0.07/turn              (no ring)
MPRegen  0.08/turn              (no ring)

@: no status effects
A: talons 1
a: no special abilities


You were on level 1 of the Dungeon.
You were not hungry.

You visited 1 branch of the dungeon, and saw 1 of its levels.

You collected 25 gold pieces.

Inventory:

Hand Weapons
 a - a +0 hunting sling (weapon)
Missiles
 d - 12 sling bullets (quivered)
Armour
 e - a +0 robe (worn)
Scrolls
 b - a scroll of teleportation {unknown}
Comestibles
 f - a ration


   Skills:
 + Level 1.0 Fighting
 + Level 2.1 Slings
 + Level 2.0 Dodging
 + Level 1.0 Spellcasting
 + Level 3.1 Hexes


You had 2 spell levels left.
You knew the following spells:

 Your Spells              Type           Power        Failure   Level  Hunger
a - Corona                Hex            #......      7%          1    ##.....

Your spell library contained the following spells:

 Spells                   Type           Power        Failure   Level  Hunger
 Slow                     Hex            #.......     11%         2    ###....
 Inner Flame              Hex/Fire       #.......     38%         3    ####...
 Portal Projectile        Hex/Tloc       #.....       38%         3    ####...
 Cause Fear               Hex            #.........   56%         4    #####..
 Leda's Liquefaction      Hex/Erth       #.........   80%         4    #####..


Dungeon Overview and Level Annotations

Branches:
Dungeon (1/15)

Altars:


Innate Abilities, Weirdness & Mutations

You have sharp toenails.


Message History

You shoot a sling bullet. The sling bullet hits the dart slug.
The dart slug is severely wounded.
A dart slug is nearby!
Firing (i - inventory)
d - 6 sling bullets (quivered)
Press: ? - help, Shift-Dir - straight line, f/p - dart slug
Aim: a dart slug (severely wounded, clinging)
You shoot a sling bullet. The sling bullet hits the dart slug.
You kill the dart slug!
You have reached level 2!
Your demonic ancestry asserts itself...
Your toenails lengthen and sharpen.
You now have 25 gold pieces (gained 17).
d - 6 sling bullets (gained 1)
You see here a goblin corpse.
d - 9 sling bullets (gained 3)
d - 10 sling bullets (gained 1)
d - 12 sling bullets (gained 2)
Found 17 arrows.
b - a scroll labeled OFOWUA UNAO Are you sure you want to abandon this character and quit the game? (Confirm with "yes".)

.# .## ..######.. ###
<.....+....# ....
..#####....# .....
.##[.......########....(
.##.# #.#.$...(.........
.##.# #...>......(...#
.##.# ##........@(...#
'##.# #..............#
.##†# #....†.#########
.##.# #...>..#
....###.###### ......#.#
......#.# .######.#
........#


There were no monsters in sight!

Vanquished Creatures
  2 dart slugs (D:1)
  A giant cockroach (D:1)
  A goblin (D:1)
  A rat (D:1)
5 creatures vanquished.

Notes
Turn   | Place    | Note
-------+----------+-------------------------------------------
     0 | D:1      | Iscandelvey the Demonspawn Arcane Marksman began the quest
                  | for the Orb.
     0 | D:1      | Reached XP level 1. HP: 15/15 MP: 2/2
    52 | D:1      | Gained mutation: You have sharp toenails. [demonic
                  | ancestry]
    52 | D:1      | Reached XP level 2. HP: 19/21 MP: 3/3
    65 | D:1      | Quit the game

Levels and vault maps discovered:
D:1:      mrwooster_arrival_arrow, layout_basic

Skill      XL: |  1 |
---------------+----+-----
Slings         | 2 |  2.1
Dodging        | 2 |  2.0
Fighting       | |  1.0
Spellcasting   | |  1.0
Hexes          | |  3.1

Action                   || total
-------------------------++-------
 Fire: Hunting sling     ||    16
Dodge: Dodged            ||     2

Table legend:
 A = Non-vault XP
 B = Vault XP
 C = Vault XP percentage of total XP
 D = Non-vault monster count
 E = Vault monster count
 F = Vault count percentage of total count
                 A         B        C        D         E       F
            +---------+---------+-------+---------+---------+-------
      Total |      13 |       0 |   0.0 |       5 |       0 |   0.0
            +---------+---------+-------+---------+---------+-------
        D:1 |      13 |       0 |   0.0 |       5 |       0 |   0.0
            +---------+---------+-------+---------+---------+-------
